 Dungeon Crawl Stone Soup version 0.27-a0-1202-ge72e49191c (webtiles) character file.

Game seed: 10162462090385644789

261 Delamore the Poker (level 6, 0/51 HPs)
             Began as a Formicid Fighter on June 2, 2021.
             Was a Believer of Vehumet.
             Blown up by Ijyb (1 damage)
             ... with a mindburst bolt
             ... on level 4 of the Dungeon.
             The game lasted 00:04:57 (3333 turns).

Delamore the Poker (Formicid Fighter)               Turns: 3333, Time: 00:04:57

Health: 0/51       AC:  8    Str: 23    XL:     6   Next: 41%
Magic:  6/6        EV:  8    Int:  7    God:    Vehumet [**....]
Gold:   59         SH: 14    Dex: 10    Spells: 5/5 levels left

rFire    . . .     SeeInvis +   a - +0 trident
rCold    . . .     Faith    .   c - +0 kite shield
rNeg     . . .     Spirit   .   b - +0 scale mail
rPois    +         Reflect  +   (helmet unavailable)
rElec    .         Harm     .   p - +0 cloak
rCorr    .         Rampage  .   (no gloves)
Will     .....                  (no boots)
Stlth    ..........             j - amulet of reflection
HPRegen  0.17/turn              k - ring of poison resistance
MPRegen  0.10/turn              h - +4 ring of slaying

@: attractive
A: permanent stasis, dig shafts and tunnels, antennae 3, four strong arms
a: Dig, Shaft Self, Renounce Religion


You were on level 4 of the Dungeon.
You worshipped Vehumet.
Vehumet was pleased with you.
You visited 1 branch of the dungeon, and saw 4 of its levels.

You collected 59 gold pieces.

Inventory:

Hand Weapons
 a - a +0 trident (weapon)
Missiles
 r - 11 poisoned darts
Armour
 b - a +0 scale mail (worn)
 c - a +0 kite shield (worn)
 p - a +0 cloak (worn)
Jewellery
 h - a +4 ring of slaying (right hand)
 j - an amulet of reflection (around neck)
 k - a ring of poison resistance (left hand)
Wands
 n - a wand of flame (23)
 t - a wand of iceblast (7)
Scrolls
 f - 2 scrolls of identify {unknown}
 g - 2 scrolls of noise
 i - a scroll of vulnerability {unknown}
 l - a scroll of brand weapon {unknown}
 q - a scroll of holy word {unknown}
 u - a scroll of teleportation {unknown}
 v - a scroll of fear {unknown}
Potions
 d - 2 potions of might
 e - 3 potions of lignification
 m - a potion of curing {unknown}
 o - a potion of degeneration {unknown}


   Skills:
 - Level 5.0 Fighting
 + Level 5.3 Polearms
 - Level 3.2 Armour
 - Level 3.6 Shields


You had 5 spell levels left.
You didn't know any spells.
Your spell library contained the following spells:

 Spells                   Type           Power      Damage    Failure   Level
 Sandblast                Erth           0%         2d4       98%         1
 Magic Dart               Conj           0%         1d3       98%         1
 Summon Small Mammal      Summ           0%         N/A       98%         1
 Call Imp                 Summ           0%         N/A       99%         2
 Slow                     Hex            0%         N/A       99%         2
 Call Canine Familiar     Summ           0%         N/A       100%        3
 Conjure Flame            Conj/Fire      0%         6-21      100%        3
 Mephitic Cloud           Conj/Pois/Air  0%         N/A       100%        3
 Summon Guardian Golem    Hex/Summ       0%         N/A       100%        3
 Summon Ice Beast         Ice/Summ       0%         N/A       100%        4
 Summon Lightning Spire   Summ/Air       0%         N/A       100%        4
 Blink                    Tloc           Unusable   N/A       N/A         2

Dungeon Overview and Level Annotations

Branches:
Dungeon (4/15)
 Temple: D:4-7

Altars:
Nemelex Xobeh
Sif Muna
Vehumet

Shops:
D:1 *

Annotations:
D:4 Ijyb


Innate Abilities, Weirdness & Mutations

You cannot be hasted, slowed, berserked, paralysed or teleported.
You can dig through walls and to a lower floor.
You have a pair of large antennae on your head. (SInv)
Your four strong arms can wield two-handed weapons with a shield.


Message History

A scorpion comes into view.
You see here an adder corpse.
You reach to attack!
You hit Ijyb.
Ijyb is moderately wounded.
You puncture Ijyb!
Ijyb is heavily wounded.
Ijyb hits you with a +2 club.
The iguana hisses menacingly.
You barely miss Ijyb.
Ijyb is heavily wounded.
Ijyb screams, "Die!"
Ijyb hits you but does no damage.
You puncture Ijyb!
Ijyb is almost dead.
Ijyb closely misses you. Ijyb hits you with a +2 club.
You hit Ijyb but do no damage.
Ijyb is almost dead.
Ijyb zaps a wand.
Your mind is blasted!
You hit Ijyb.
Ijyb is almost dead.
Ijyb zaps a wand.
Your mind is blasted!
Ouch! That really hurt!
* * * LOW HITPOINT WARNING * * *
You are too injured to fight recklessly!
You are too injured to fight recklessly!
You are too injured to fight recklessly!
You are too injured to fight recklessly!
You are too injured to fight recklessly!
You are too injured to fight recklessly!
You are too injured to fight recklessly!
You are too injured to fight recklessly!
You are too injured to fight recklessly!
You are too injured to fight recklessly!
You are too injured to fight recklessly!
Okay, then.
Okay, then.
It was a potion of attraction.
You feel attractive to monsters.
Ijyb zaps a wand.
Your mind is blasted!
You die... . . . . #+. .+# ## ..# ###.. ..# #.# .#.# .#.# #####.# sS#

....# #...#.#
{#g#...#
#.#...#####@..#
#..##'.....+##..#
##.#[#...#.# #
#..###.....#
#.#..†#...#...
#...#.......#.. {
##.########## .
#.# #.#


You could see Ijyb, a scorpion and a ball python.

Vanquished Creatures
  A necrophage (D:3)
  Crazy Yiuf (D:2)
  Jessica (D:2)
  4 adders
  2 worms
  A dart slug (D:2)
  An orc (D:3)
  8 ball pythons
  8 endoplasms
  A giant cockroach (D:2)
  8 goblins
  3 hobgoblins
  9 jackals
  7 kobolds
  2 quokkas
  5 bats
  2 frilled lizards
  4 rats
68 creatures vanquished.

Vanquished Creatures (others)
  3 fungi (D:2)
  7 plants (D:2)
10 creatures vanquished.

Grand Total: 78 creatures vanquished

Notes
Turn   | Place    | Note
-------+----------+-------------------------------------------
     0 | D:1      | Delamore the Formicid Fighter began the quest for the Orb.
     0 | D:1      | Reached XP level 1. HP: 18/18 MP: 1/1
   139 | D:1      | Reached XP level 2. HP: 24/24 MP: 2/2
   364 | D:1      | Reached XP level 3. HP: 30/30 MP: 3/3
   382 | D:1      | Found Faf Taon's General Store.
  1225 | D:2      | Noticed Jessica
  1228 | D:2      | Found a faded altar of an unknown god.
  1259 | D:2      | Killed Jessica
  1260 | D:2      | Reached XP level 4. HP: 3/38 MP: 4/4
  1550 | D:2      | Became a worshipper of Vehumet
  1550 | D:2      | Reached * piety under Vehumet
  1550 | D:2      | Offered knowledge of Freeze by Vehumet.
  1922 | D:2      | Found a runed translucent door.
  1923 | D:2      | Noticed Crazy Yiuf
  1941 | D:2      | Killed Crazy Yiuf
  1942 | D:2      | Reached XP level 5. HP: 6/43 MP: 5/5
  2624 | D:2      | Identified a scroll of acquirement
  2624 | D:2      | Acquired a +4 ring of slaying
  2764 | D:3      | Reached skill level 5 in Fighting
  2870 | D:3      | Offered knowledge of Sandblast by Vehumet.
  2887 | D:3      | Reached ** piety under Vehumet
  2990 | D:3      | Found a shimmering blue altar of Sif Muna.
  2990 | D:3      | Noticed a necrophage
  2996 | D:3      | Killed a necrophage
  2997 | D:3      | Reached skill level 5 in Polearms
  2997 | D:3      | Reached XP level 6. HP: 42/51 MP: 6/6
  3156 | D:3      | Found a sparkling altar of Nemelex Xobeh.
  3323 | D:4      | Noticed Ijyb
  3332 | D:4      | HP: 1/51 [disintegration (30)]
  3333 | D:4      | Blown up by Ijyb

Illustrated notes

Levels and vault maps discovered:
D:1:      amcnicky_arrival_feature_with_door, layout_rooms, serial_shops,
          nicolae_shop_window_shopping, hex_medium,
          chequers_serial_rivers_small_a
D:2:      minmay_chambers_of_ones, layout_loops_ring,
          shapermc_ecumenical_altar_mp_ritualfount, uniq_crazy_yiuf_cottage,
          uniq_jessica
D:3:      layout_rooms, nemelex_spade_bored_becter, lemuel_tele_altar
D:4:      minmay_recursive_quarters, layout_loops_ring,
          minmay_fractal_squares_diagonal_5, uniq_ijyb

Skill      XL: |  1  2  3  4  5 |
---------------+----------------+-----
Fighting       | 4 5 |  5.0
Polearms       | 3 5 |  5.3
Armour         | |  3.2
Shields        | |  3.6

Action                   |  1- 3 |  4- 6 || total
-------------------------+-------+-------++-------
Melee: Trident           |   144 |   131 ||   275
 Abil: Dig               |       |     4 ||     4
  Use: Scroll            |     1 |     1 ||     2
       Potion            |       |     2 ||     2
Armor: Scale mail        |    53 |    27 ||    80
       Skin              |       |     3 ||     3
Dodge: Dodged            |    42 |    16 ||    58
Block: Kite shield       |    84 |    66 ||   150

Table legend: (Time is in decaauts)
 A = Elapsed time spent in this place.
 B = Non-inter-level travel time spent in this place.
 C = Inter-level travel time spent in this place.
 D = Time resting spent in this place.
 E = Time spent auto-exploring this place.
 F = Levels seen in this place.
 G = Mean time per level.
                   A        B        C        D        E       F      G
               +--------+--------+--------+--------+--------+-----+--------+
         Total |   3422 |   3364 |     58 |    907 |   1882 |   4 |  855.5 |
       Dungeon |   3422 |   3364 |     58 |    907 |   1882 |   4 |  855.5 |
               +--------+--------+--------+--------+--------+-----+--------+

Top non-repeatable levels by time:
     D:2: 1659 daAuts
     D:1: 1047 daAuts
     D:3: 673 daAuts
     D:4: 42 daAuts
